 Dungeon Crawl Stone Soup version 0.32-a0-842-gbbb8fdbe59 (webtiles) character file.

Game seed: 14706735817991188274

8162 Essalna the Fighter (level 11, -2/89 HPs)
             Began as a Demonspawn Fire Elementalist on Mar 27, 2024.
             Was a Believer of Vehumet.
             Slain by a komodo dragon (20 damage)
             ... on level 8 of the Dungeon.
             The game lasted 00:25:07 (13777 turns).

Essalna the Fighter (Demonspawn Fire Elementalist) Turns: 13777, Time: 00:25:08

Health: -2/89      AC: 13    Str:  8    XL:     11   Next: 6%
Magic:  16/17      EV: 15    Int: 20    God:    Vehumet [**....]
Gold:   619        SH: 12    Dex: 14    Spells: 9/18 levels left

rFire   + + .        k - staff of conjuration
rCold   . . .        m - +2 buckler {AC+3}
rNeg    . . .        a - +0 robe
rPois   .            i - +0 helmet
rElec   .            v - +0 cloak
rCorr   .            n - +0 pair of gloves
SInv    .            K - +0 pair of boots
Will    .....        j - amulet of reflection
Stlth   +++          d - +5 ring of evasion
HPRegen 0.34/turn    E - ring of protection from fire
MPRegen 0.15/turn

%: reflection
@: wreathed by umbra, studying 2 skills
A: molten scales 3, powered by pain 2, foul shadow 1
a: Renounce Religion


You were on level 8 of the Dungeon.
You worshipped Vehumet.
Vehumet was pleased with you.
You visited 3 branches of the dungeon, and saw 12 of its levels.

You collected 619 gold pieces.

Inventory:

Hand Weapons
 c - a +0 dagger
 A - the +4 mace of Wafeb {flame, Will+}
   (You found it on level 4 of the Dungeon)

   Will+:     It increases your willpower.
Missiles
 h - 2 throwing nets
Armour
 a - a +0 robe (worn)
 i - a +0 helmet (worn)
 m - a +2 buckler of protection (worn)
 n - a +0 pair of gloves (worn)
 q - a scarf of shadows
 v - a +0 cloak (worn)
 K - a +0 pair of boots (worn)
Magical Staves
 k - a staff of conjuration (weapon)
Jewellery
 d - a +5 ring of evasion (left hand)
 j - an amulet of reflection (around neck)
 s - a ring of flight
 y - a ring of protection from fire
 E - a ring of protection from fire (right hand)
Wands
 l - a wand of iceblast (10)
 C - a wand of flame (23)
 H - a wand of mindburst (10)
 I - a wand of charming (17)
Scrolls
 e - 2 scrolls of immolation
 f - 7 scrolls of identify
 o - 3 scrolls of poison
 p - 2 scrolls of fog
 x - a scroll of teleportation
 B - a scroll of noise {unknown}
 D - a scroll of vulnerability {unknown}
 G - 2 scrolls of revelation
 L - a scroll of silence
 M - a scroll of amnesia
Potions
 b - 2 potions of magic
 g - a potion of heal wounds
 r - a potion of attraction {unknown}
 t - a potion of haste {unknown}
 u - a potion of brilliance {unknown}
 w - 2 potions of mutation {unknown}
 z - a potion of curing {unknown}
 F - a potion of invisibility {unknown}
 J - a potion of berserk rage {unknown}


   Skills:
 + Level 9.4 Fighting
 - Level 1.7 Dodging
 - Level 1.7 Stealth
 - Level 4.0 Shields
 - Level 4.0 Spellcasting
 - Level 3.3 Conjurations
 - Level 4.0 Fire Magic
 + Level 8.0 Ice Magic
 + Level 7.9 Earth Magic


You had 9 spell levels left.
You knew the following spells:

 Your Spells              Type           Power      Damage    Failure   Level
a - Foxfire               Conj/Fire      100%       2x1d9     4%          1
b - Scorch                Fire           40%        2d6       5%          2
c - Permafrost Eruption   Ice/Erth       17%        2x4d6     75%         6

Your spell library contained the following spells:

 Spells                   Type           Power      Damage    Failure   Level
 Magic Dart               Conj           100%       1d8       4%          1
 Hailstorm                Conj/Ice       40%        3d9       5%          3
 Summon Ice Beast         Ice/Summ       20%        N/A       11%         3
 Apportation              Tloc           8%         N/A       19%         1
 Inner Flame              Hex/Fire       12%        N/A       26%         3
 Volatile Blastmotes      Fire/Tloc      24%        2d12      26%         3
 Call Imp                 Summ           8%         N/A       28%         2
 Jinxbite                 Hex            8%         N/A       28%         2
 Sublimation of Blood     Necr           4%         N/A       28%         2
 Flame Wave               Conj/Fire      28%        2d9       38%         4
 Tukima's Dance           Hex            4%         N/A       50%         3
 Iskenderun's Mystic Bla  Conj/Tloc      16%        2d5       67%         4
 Anguish                  Hex/Necr       2%         N/A       88%         4
 Cause Fear               Hex            2%         N/A       88%         4
 Dimensional Bullseye     Hex/Tloc       2%         N/A       88%         4
 Manifold Assault         Tloc           4%         N/A       88%         4
 Yara's Violent Unravell  Hex/Alch       2%         3d3       99%         5
 Sculpt Simulacrum        Ice/Alch       10%        N/A       99%         6
 Enfeeble                 Hex            2%         N/A       100%        7
 Summon Hydra             Summ           2%         N/A       100%        7
 Summon Horrible Things   Summ           2%         N/A       100%        8


Dungeon Overview and Level Annotations

Branches:
Dungeon (10/15)            Temple (1/1) D:6            Lair (1/5) D:8
    Orc: D:9-12

Altars:
Ashenzari
Cheibriados
Dithmenos
Fedhas
Gozag
Hepliaklqana
Kikubaaqudgha
Makhleb
Nemelex Xobeh
Okawaru
Qazlal
Ru
Sif Muna
Trog
Uskayaw
Vehumet
Wu Jian
Xom
Yredelemnul

Shops:
D:6 (

Annotations:
D:4 2 runed translucent doors


Innate Abilities, Weirdness & Mutations

You are completely covered in molten scales. (AC +4, rF+)
You sometimes gain power by taking damage.
You are faintly shadowed, very rarely releasing foul flame when damaged in melee.


Message History

The komodo dragon is heavily wounded.
The foxfire hits the komodo dragon but does no damage.
The komodo dragon is heavily wounded.
The blink frog is engulfed in a cloud of scalding steam. x2
You block the blink frog's attack.
The blink frog is engulfed in a cloud of scalding steam.
You block the blink frog's attack. The komodo dragon misses you.
The blink frog blinks!
You block the blink frog's attack. The komodo dragon bites you!
You climb upwards.
Welcome back to the Dungeon!
There is a staircase to the Lair here.
Casting: Foxfire (safe; 4% risk of failure)
Confirm with . or Enter, or press ? or * to list all spells.
You feel a surge of power!
You conjure some foxfire!
The blink frog misses you. The komodo dragon bites you.
The blink frog closely misses you.
Casting: Foxfire (safe; 4% risk of failure)
Confirm with . or Enter, or press ? or * to list all spells.
You feel a surge of power!
You conjure some foxfire!
The foxfire hits the blink frog.
The blink frog is severely wounded.
The foxfire hits the komodo dragon.
The komodo dragon is heavily wounded.
You block the blink frog's attack. The komodo dragon misses you.
Casting: Foxfire (safe; 4% risk of failure)
Confirm with . or Enter, or press ? or * to list all spells.
You feel a surge of power!
You conjure some foxfire!
The foxfire hits the komodo dragon but does no damage.
The komodo dragon is heavily wounded.
The foxfire hits the komodo dragon.
The komodo dragon is heavily wounded.
The blink frog blinks!
The komodo dragon bites you!!
* * * LOW HITPOINT WARNING * * *
You focus on the pain.
You feel your power returning.
Casting: Foxfire (safe; 4% risk of failure)
Confirm with . or Enter, or press ? or * to list all spells.
You feel a surge of power!
You conjure some foxfire!
The foxfire hits the komodo dragon!
The komodo dragon is severely wounded.
The blink frog blinks!
The komodo dragon bites you!!
You die...

######## #........
##......###........
##.).###............
##.....######........
#..P....# #.....†..
##.PF....## #........
#§......).# #........
##÷...l....## ######...
#...vv@.....# #...
#...§v§§....# ###.
#....§......## ##
#.#..P(...#..##########
#.#.......#............
#.##.....####..########
#.###...## ##.####....
#.####.## #.......~~~
#...#...## #.....≈≈~~≈


You could see a komodo dragon (ally target) and a blink frog (ally target).

Vanquished Creatures
  A two-headed ogre (D:9)
  Pikel (D:4)
  An elephant (D:8)
  A cane toad (Lair:1)
  Maggie (D:7)
  2 blink frogs
  Sigmund (D:2)
  2 wyverns
  A vampire (D:9)
  A basilisk (D:8)
  4 steam dragons
  6 yaks
  2 water moccasins (D:8)
  Duvessa (D:4)
  3 sky beasts
  2 orc warriors
  3 black bears
  2 ice beasts
  2 ogres
  2 centaurs
  4 lemures (D:4)
  4 phantoms
  2 kobold brigands (D:9)
  3 bullfrogs
  A gnoll sergeant (D:9)
  4 scorpions
  A water moccasin zombie (D:3)
  A wight (D:4)
  Dowan (D:4)
  A howler monkey (D:6)
  5 orc priests
  A bombardier beetle (D:3)
  A gnoll bouda (D:7)
  A jelly (D:4)
  3 hounds (D:4)
  3 sleepcaps
  4 iguanas
  Ijyb (D:3)
  6 orc wizards
  A scorpion zombie (D:3)
  Robin (D:2)
  16 gnolls
  3 adders
  2 white imps
  4 ufetubi
  2 ribbon worms (D:2)
  8 dart slugs
  12 orcs
  10 ball pythons
  11 endoplasms
  10 giant cockroaches
  24 goblins
  11 hobgoblins
  A jackal (D:2)
  22 kobolds
  2 quokkas
  8 bats
  5 frilled lizards
  7 rats
246 creatures vanquished.

Vanquished Creatures (collateral kills)
  A foxfire (D:10)
1 creature vanquished.

Vanquished Creatures (others)
  A gnoll (D:6)
  1183 foxfires
1184 creatures vanquished.

Grand Total: 1431 creatures vanquished

Notes
Turn   | Place    | Note
-------+----------+-------------------------------------------
     0 | D:1      | Essalna the Demonspawn Fire Elementalist began the quest
                  | for the Orb.
     0 | D:1      | Reached XP level 1. HP: 13/13 MP: 3/3
   197 | D:1      | Gained mutation: You sometimes gain a little power by
                  | taking damage. [demonic ancestry]
   197 | D:1      | Reached XP level 2. HP: 20/20 MP: 0/5
   587 | D:1      | Reached skill level 1 in Fighting
   820 | D:1      | Reached XP level 3. HP: 26/26 MP: 3/6
   866 | D:1      | Learned a level 2 spell: Scorch
  1644 | D:2      | Gained mutation: You are faintly shadowed, very rarely
                  | releasing foul flame when damaged in melee. [demonic
                  | ancestry]
  1644 | D:2      | Reached XP level 4. HP: 32/32 MP: 2/7
  2337 | D:2      | Noticed Robin
  2339 | D:2      | Reached skill level 2 in Fighting
  2778 | D:2      | Noticed Sigmund
  2782 | D:2      | Killed Sigmund
  2783 | D:2      | Reached XP level 5. HP: 32/39 MP: 4/10
  2783 | D:2      | Gained mutation: You are partially covered in molten
                  | scales. (AC +2) [demonic ancestry]
  2783 | D:2      | Reached XP level 6. HP: 38/46 MP: 4/11
  3112 | D:3      | Noticed Ijyb
  3227 | D:2      | Killed Robin
  3368 | D:3      | Killed Ijyb
  3579 | D:3      | Reached skill level 3 in Fighting
  3626 | D:3      | Learned a level 6 spell: Permafrost Eruption
  4423 | D:3      | Reached skill level 1 in Shields
  4423 | D:3      | Gained mutation: You sometimes gain power by taking damage.
                  | [demonic ancestry]
  4423 | D:3      | Reached XP level 7. HP: 52/52 MP: 4/12
  4488 | D:3      | Found a basalt altar of Yredelemnul.
  4548 | D:4      | Reached skill level 1 in Ice Magic
  4646 | D:4      | Reached skill level 1 in Earth Magic
  4732 | D:4      | Found a large runed translucent door.
  4732 | D:4      | Found a large runed translucent door.
  4799 | D:4      | Found a large runed translucent door.
  4799 | D:4      | Found a large runed translucent door.
  4805 | D:4      | Noticed Duvessa
  4807 | D:4      | Noticed Dowan
  4811 | D:4      | Killed Dowan
  4816 | D:4      | Killed Duvessa
  4846 | D:4      | Found a sparkling altar of Nemelex Xobeh.
  4988 | D:4      | Noticed Pikel
  5404 | D:5      | Entered Level 5 of the Dungeon
  5587 | D:5      | Reached skill level 4 in Fighting
  6595 | D:4      | Reached XP level 8. HP: 41/61 MP: 11/14
  6757 | D:4      | Got the Book of the Projective Entourage
  6974 | D:4      | Identified the +4 mace of Wafeb {flame, Will+}
  7289 | D:4      | Killed Pikel
  7290 | D:4      | Reached skill level 5 in Fighting
  7440 | D:6      | Found a staircase to the Ecumenical Temple.
  7448 | Temple   | Entered the Ecumenical Temple
  7514 | Temple   | Became a worshipper of Vehumet
  7625 | D:6      | Gained mutation: You are mostly covered in molten scales.
                  | (AC +3) [demonic ancestry]
  7625 | D:6      | Reached XP level 9. HP: 69/69 MP: 9/15
  7880 | D:6      | Reached skill level 6 in Fighting
  8244 | D:6      | Reached skill level 5 in Ice Magic
  8339 | D:6      | Noticed a troll
  8596 | D:6      | Reached skill level 5 in Earth Magic
  8718 | D:6      | Found Sevorovi's Antique Weapon Shop.
  8900 | D:7      | Noticed Maggie
  8915 | D:7      | Killed Maggie
  9228 | D:7      | Reached skill level 7 in Fighting
  9279 | D:7      | Reached * piety under Vehumet
  9279 | D:7      | Offered knowledge of Shock by Vehumet.
 10056 | D:8      | Found a blossoming altar of Fedhas.
 10181 | D:8      | Found a staircase to the Lair.
 10181 | D:8      | Noticed an elephant
 10466 | D:8      | Reached XP level 10. HP: 76/79 MP: 10/16
 10753 | D:8      | Killed an elephant
 10830 | D:8      | Found a hazy altar of Hepliaklqana.
 11056 | D:8      | Reached skill level 8 in Fighting
 11273 | D:9      | Found a hide-covered altar of Uskayaw.
 11335 | D:9      | Noticed a two-headed ogre
 11348 | D:9      | Killed a two-headed ogre
 11964 | D:9      | Reached ** piety under Vehumet
 11964 | D:9      | Offered knowledge of Magic Dart by Vehumet.
 12770 | D:9      | Reached skill level 9 in Fighting
 13071 | D:10     | Entered Level 10 of the Dungeon
 13506 | D:10     | Noticed a gargoyle
 13656 | Lair:1   | Entered Level 1 of the Lair of Beasts
 13656 | Lair:1   | Noticed a cane toad
 13665 | Lair:1   | Killed a cane toad
 13674 | Lair:1   | Gained mutation: You are completely covered in molten
                  | scales. (AC +4, rF+) [demonic ancestry]
 13674 | Lair:1   | Reached XP level 11. HP: 73/89 MP: 2/17
 13777 | D:8      | Slain by a komodo dragon

Illustrated notes

Levels and vault maps discovered:
D:1:      dpeg_arrival_windows_large_door, layout_loops_ring,
          minmay_split_cup_small
D:2:      layout_basic, minmay_mini_jars, uniq_sigmund, uniq_robin
D:3:      minmay_roachtagon, layout_loops_ring, lemuel_zombie_altar_yredelemnul,
          uniq_ijyb
D:4:      layout_basic, kennysheep_mini_moat, corexii_hall_statues_x,
          grunt_decor_fettered, minmay_hollow_rounded_squares, uniq_duvessa,
          uniq_pikel
D:5:      layout_cave_pods, hangedman_decor_lopped, fountainhead
D:6:      cheibrodos_helix_gallery, layout_basic, mainiacjoe_overflow_catwalk,
          temple_doors_e, serial_shops, nicolae_shop_peninsula,
          lightli_corner_chamber
D:7:      layout_loops_ring, enter_bailey_3, uniq_maggie
D:8:      cheibrodos_quashed, layout_rooms, general_overflow_altar,
          fedhas_ov_isle_minmay, david_lair_generic, serial_glass,
          glass_columns_a, glass_columns_c, glass_columns_c, glass_columns_a
D:9:      layout_stronghold, nicolae_tso_swordbearing_angel,
          nicolae_uskayaw_murder_on_the_dancefloor
D:10:     cheibrodos_two_vegetables, layout_rooms, kennysheep_boxes
Temple:   regret_index_temple_generic_petals
Lair:1:   layout_hall_layers, serial_bayou_shore_b, infiniplex_staircase_pool,
          grunt_megastairs_5

Skill      XL: |  1  2  3  4  5  6  7  8  9 10 11 |
---------------+----------------------------------+-----
Fighting       | 1 2 3 4 5 7 9 |  9.4
Fire Magic     | 3 4 |  4.0
Conjurations   | 2 3 |  3.3
Spellcasting   | 3 4 |  4.0
Shields        | 1 2 4 |  4.0
Ice Magic      | 2 4 6 7 8 |  8.0
Earth Magic    | 2 4 6 7 |  7.9
Dodging        | |  1.7
Stealth        | |  1.7

Action                     |  1- 3 |  4- 6 |  7- 9 | 10-12 || total
---------------------------+-------+-------+-------+-------++-------
  Melee: Dagger            |    62 |     6 |       |       ||    68
         Unarmed           |     2 |       |       |       ||     2
         Staff             |       |   112 |    59 |    17 ||   188
         Mace              |       |       |     9 |       ||     9
   Cast: Foxfire           |    75 |    91 |   286 |   239 ||   691
         Scorch            |     2 |    12 |    51 |    21 ||    86
    Use: Scroll            |       |     3 |     6 |       ||     9
         Potion            |       |       |     1 |     2 ||     3
   Stab: Sleeping          |       |     2 |       |       ||     2
 Armour: Robe              |    20 |    63 |    63 |    84 ||   230
  Dodge: Dodged            |    49 |   144 |   118 |   121 ||   432
  Block: Other             |       |    10 |       |       ||    10
         Reflection        |       |     1 |     1 |     6 ||     8
         Buckler           |       |    90 |   120 |   130 ||   340

Table legend: (Time is in decaauts)
 A = Elapsed time spent in this place.
 B = Non-inter-level travel time spent in this place.
 C = Inter-level travel time spent in this place.
 D = Time resting spent in this place.
 E = Time spent auto-exploring this place.
 F = Levels seen in this place.
 G = Mean time per level.
                   A        B        C        D        E       F      G
               +--------+--------+--------+--------+--------+-----+--------+
         Total |  13836 |  13336 |    500 |    325 |  10824 |  12 | 1153.0 |
       Dungeon |  13714 |  13260 |    454 |    325 |  10789 |  10 | 1371.4 |
        Temple |     92 |     46 |     46 |      0 |     35 |   1 |   92.0 |
          Lair |     29 |     29 |      0 |      0 |      0 |   1 |   29.0 |
               +--------+--------+--------+--------+--------+-----+--------+

Top non-repeatable levels by time:
     D:2: 2125 daAuts
     D:9: 2060 daAuts
     D:4: 1790 daAuts
     D:6: 1374 daAuts
     D:3: 1315 daAuts
     D:8: 1224 daAuts
     D:7: 1179 daAuts
     D:1: 1158 daAuts
     D:5: 1064 daAuts
    D:10: 421 daAuts
  Temple: 92 daAuts
  Lair:1: 29 daAuts
